 Dungeon Crawl Stone Soup version 0.21-a0-450-gd87a9b2 (webtiles) character file.

116 vineage the Chopper (level 4, 0/39 HPs)
             Began as a Minotaur Fighter on Nov 19, 2017.
             Was an Initiate of Okawaru.
             Slain by Grinder (5 damage)
             ... while paralysed by Grinder
             ... on level 3 of the Dungeon.
             The game lasted 00:01:42 (1021 turns).

vineage the Chopper (Minotaur Fighter)              Turns: 1021, Time: 00:01:42

Health: 0/39       AC:  6    Str: 22    XL:     4   Next: 70%
Magic:  3/3        EV:  2    Int:  5    God:    Okawaru [......]
Gold:   134        SH:  0    Dex:  9    Spells: 3/3 levels left

rFire    . . .     SeeInvis .   a - +0 war axe
rCold    . . .     Gourm    .   c - +0 shield
rNeg     . . .     Faith    .   b - +0 scale mail
rPois    .         Spirit   .   (helmet restricted)
rElec    .         Reflect  .   (no cloak)
rCorr    .         Harm     .   (no gloves)
MR       .....                  (no boots)
Stlth    ..........             (no amulet)
HPRegen  0.13/turn              (no ring)
MPRegen  0.08/turn              (no ring)

@: paralysed
A: retaliatory headbutt, horns 2
a: Renounce Religion


You were on level 3 of the Dungeon.
You worshipped Okawaru.
Okawaru was noncommittal.
You were hungry.

You visited 1 branch of the dungeon, and saw 3 of its levels.

You collected 134 gold pieces.

Inventory:

Hand Weapons
 a - a +0 war axe (weapon)
Armour
 b - a +0 scale mail (worn)
 c - a +0 shield (worn)
Jewellery
 e - a +3 ring of strength {unknown}
Scrolls
 h - 2 scrolls of identify {unknown}
 j - a scroll of immolation {unknown}
 k - a scroll of teleportation {unknown}
 m - a scroll of enchant weapon {unknown}
 n - a scroll of magic mapping {unknown}
 o - a scroll of remove curse {unknown}
Potions
 d - a potion of might
 i - 2 potions of flight {unknown}
 p - a potion of berserk rage {unknown}
Comestibles
 f - 2 bread rations
 g - 4 meat rations
 l - a royal jelly


   Skills:
 - Level 3.6 Fighting
 + Level 6.0 Axes
 - Level 3.6 Armour
 - Level 3.6 Shields


You had 3 spell levels left.
You didn't know any spells.

Dungeon Overview and Level Annotations

Branches:
Dungeon (3/15)

Altars:
Okawaru

Annotations:
D:3 Grinder


Innate Abilities, Weirdness & Mutations

You reflexively headbutt those who attack you in melee.
You have a pair of horns on your head.


Message History

No target in view!
No target in view!
No target in view!
No target in view!
No target in view!
No target in view!
No target in view!
No target in view!
Grinder is too close now for your liking.
You slash Grinder!
Grinder is almost dead.
Grinder gestures at you.
You suddenly lose the ability to move!
Grinder hits you.
You writhe in agony.
Grinder hits you but does no damage. Grinder hits you!
You writhe in agony.
Grinder hits you!
* * * LOW HITPOINT WARNING * * *
You writhe in agony.
You die...

..## #..##
#...## ##...
#....# ...#
.....+ ....
# #+# #....#
..# #. #.#
#5..# ..#
#.###.###@.#
###.#
#.........##
#...#
###..#.#+##
###..<#####
#.##...#
#.........#
##.####.###
#.......#.#
#.........#
#.......#
#.........#
#.#...###
#.###<....#
#.#...###.#
...........#
#.........#


You could see Grinder.

Vanquished Creatures
  6 adders (D:2)
  An ooze (D:2)
  A worm (D:2)
  A dart slug (D:1)
  9 bats
  6 goblins
  7 hobgoblins
  5 jackals
  A ball python (D:2)
  5 frilled lizards
  6 kobolds
  8 rats
56 creatures vanquished.

Notes
Turn   | Place    | Note
-------+----------+-------------------------------------------
     0 | D:1      | vineage the Minotaur Fighter began the quest for the Orb.
     0 | D:1      | Reached XP level 1. HP: 19/19 MP: 0/0
   184 | D:1      | Reached skill level 3 in Axes
   252 | D:1      | Reached XP level 2. HP: 21/26 MP: 1/1
   329 | D:1      | Reached skill level 4 in Axes
   417 | D:1      | Reached XP level 3. HP: 31/31 MP: 2/2
   653 | D:2      | Reached skill level 5 in Axes
   666 | D:2      | Reached XP level 4. HP: 35/39 MP: 3/3
   864 | D:2      | Found an iron altar of Okawaru.
   871 | D:2      | Reached skill level 6 in Axes
   877 | D:2      | Became a worshipper of Warmaster Okawaru
  1010 | D:3      | Noticed Grinder
  1017 | D:3      | Paralysed by Grinder for 7 turns
  1021 | D:3      | Slain by Grinder

Vault maps used:
D:1:      roderic_dead_forest, wad_floor_pattern_1
D:2:      okawaru_metal_pillars_1_2
D:3:      marbit_many_paths, lemuel_doored_altar, minmay_misc_feat_more_columns,
          kennysheep_generic_room_4, uniq_grinder

Skill      XL: |  1  2  3  4 |
---------------+-------------+-----
Axes           | 3 4 5 6 |  6.0
Fighting       | |  3.6
Armour         | |  3.6
Shields        | |  3.6

Action                   |  1- 3 |  4- 6 || total
-------------------------+-------+-------++-------
Melee: War axe           |    63 |    58 ||   121
       Headbutt          |    13 |     5 ||    18
Armor: Scale mail        |    23 |    29 ||    52
Dodge: Dodged            |    18 |    10 ||    28
Block: Shield            |    33 |    28 ||    61

Table legend:
 A = Spawn XP
 B = Non-spawn XP
 C = Spawn XP percentage of total XP
 D = Spawn monster count
 E = Non-spawn monster count
 F = Spawn count percentage of total count
 G = Total turns spent on level
                    A         B        C        D         E        F      G
               +---------+---------+-------+---------+---------+-------+---------
         Total |       0 |     167 |   0.0 |       0 |      56 |   0.0 |  1021
               +---------+---------+-------+---------+---------+-------+---------
           D:1 |       0 |      43 |   0.0 |       0 |      27 |   0.0 |   623
           D:2 |       0 |     120 |   0.0 |       0 |      27 |   0.0 |   348
           D:3 |       0 |       4 |   0.0 |       0 |       2 |   0.0 |    50
               +---------+---------+-------+---------+---------+-------+---------
